 Dungeon Crawl Stone Soup version 0.27.1-33-g824d729ab1 (webtiles) character file.

Game seed: 221632988258653279

442 caelumdeity the Changer (level 6, -3/47 HPs)
             Began as a Draconian Transmuter on Dec 17, 2021.
             Was an Initiate of Wu Jian.
             Killed by nerve-wracking pain
             ... invoked by Grinder
              (14 damage)
             ... while paralysed by Grinder
             ... on level 4 of the Dungeon.
             The game lasted 00:30:02 (7213 turns).

caelumdeity the Changer (Draconian Transmuter)      Turns: 7213, Time: 00:30:03

Health: -3/47      AC:  6    Str: 13    XL:     6   Next: 71%
Magic:  11/11      EV:  2    Int: 20    God:    Wu Jian [......]
Gold:   139        SH:  0    Dex: 12    Spells: 9/12 levels left

rFire    . . .     SeeInvis .     - Unarmed
rCold    . . .     Faith    .   (no shield)
rNeg     . . .     Spirit   .   (armour unavailable)
rPois    +         Reflect  .   (helmet currently unavailable)
rElec    .         Harm     .   (no cloak)
rCorr    .         Rampage  .   (no gloves)
Will     .....                  (boots currently unavailable)
Stlth    +.........             j - amulet of magic regeneration
HPRegen  0.15/turn              o - +6 ring of intelligence
MPRegen  0.37/turn              p - ring of poison resistance

@: paralysed, appendages
A: horns 2, talons 2, AC +6, unfitting armour, cold-blooded
a: End Transformation, Renounce Religion


You were on level 4 of the Dungeon.
You worshipped Wu Jian.
Wu Jian was noncommittal.
You had temporarily grown beastly horns and talons.
You visited 2 branches of the dungeon, and saw 6 of its levels.

You collected 139 gold pieces.

Inventory:

Armour
 f - a +0 pair of boots (melded)
Jewellery
 j - an amulet of magic regeneration (around neck)
 m - a ring of flight
 o - a +6 ring of intelligence (left hand)
 p - a ring of poison resistance (right hand)
Scrolls
 d - a scroll of magic mapping {unknown}
 e - 3 scrolls of enchant weapon
 g - a scroll of teleportation
 h - a scroll of summoning {unknown}
 i - a scroll of identify {unknown}
Potions
 a - a potion of lignification {unknown}
 b - 2 potions of berserk rage {unknown}
 c - a potion of magic {unknown}
 k - a potion of mutation {unknown}
 l - a potion of curing


   Skills:
 + Level 1.1 Fighting
 - Level 1.7 Dodging
 - Level 5.0 Unarmed Combat
 * Level 3.6 Spellcasting
 - Level 5.0 Transmutations


You had 9 spell levels left.
You knew the following spells:

 Your Spells              Type           Power      Damage    Failure   Level
a - Beastly Appendage     Tmut           46%        N/A       1%          1
b - Wereblood             Tmut           23%        N/A       2%          2

Your spell library contained the following spells:

 Spells                   Type           Power      Damage    Failure   Level
 Animate Skeleton         Necr           6%         N/A       13%         1
 Apportation              Tloc           6%         N/A       13%         1
 Corona                   Hex            3%         N/A       13%         1
 Summon Small Mammal      Summ           12%        N/A       13%         1
 Spider Form              Tmut/Pois      6%         N/A       14%         3
 Ice Form                 Ice/Tmut       13%        N/A       43%         4


Dungeon Overview and Level Annotations

Branches:
Dungeon (5/15)             Temple (1/1) D:4

Altars:
Cheibriados
Dithmenos
Hepliaklqana
Kikubaaqudgha
Makhleb
Nemelex Xobeh
Ru
Sif Muna
Trog
Uskayaw
Wu Jian
Yredelemnul
Zin

Annotations:
D:4 Grinder


Innate Abilities, Weirdness & Mutations

You have temporarily grown beastly horns and talons.
Your plain brown scales are hard. (AC +6)
You cannot fit into any form of body armour.
You are cold-blooded and may be slowed by cold attacks.


Message History

Throw: 2 darts (poison)
Press: ? - help, Q - select action, (/) - cycle Shift-Dir - straight line, f/p - Grinder
Aim: Grinder (lightly wounded, poisoned, 52% to hit)
You throw a poisoned dart. The poisoned dart hits Grinder.
Grinder is lightly wounded.
Grinder looks more healthy.
Throw: dart (poison)
Press: ? - help, Q - select action, (/) - cycle Shift-Dir - straight line, f/p - Grinder
Aim: Grinder (lightly wounded, 52% to hit)
You throw a poisoned dart.
The poisoned dart closely misses Grinder.
Unknown command.
Unknown command.
Unknown command.
Okay, then.
Casting: Beastly Appendage (safe; 1% risk of failure)
Confirm with . or Enter, or press ? or * to list all spells.
You grow a pair of large bovine horns.
Your feet morph into talons.
Your +0 pair of boots melds into your body.
Items here: ( )))))) [[[.
You closely miss Grinder.
Grinder is lightly wounded.
Grinder hits you.
You writhe in agony.
You barely miss Grinder.
Grinder is lightly wounded.
Grinder gestures at you. Pain shoots through your body!
You hit Grinder. You claw Grinder.
Grinder is moderately wounded.
Grinder gestures at you. Pain shoots through your body!
You closely miss Grinder.
Grinder is moderately wounded.
Grinder gestures at you.
You suddenly lose the ability to move!
Grinder hits you.
You writhe in agony.
* * * LOW HITPOINT WARNING * * *
Grinder gestures at you. Pain shoots through your body!
You die...

_#........#..........# #.#.#(#)
##......[.#####......####.#.#.#.
#.......>.##((.((...........#.#.
#.........##..(..........#..#.#.
#.........##........#######.#.#.
#.........##..)(#####.....#####.
#.........##...(#...#.....#...#<
#.........#####5..8....>....8...
##.######## #@#...#.....#...#.
#.# #.#####.....#####.
###.######### #.# #######+#...
............# #.# #......
............# ##.# #......
............###..##########.....>
............#....................
............###.#.#########...###
.......)....##..#.# #...#


You could see Grinder.

Vanquished Creatures
  An ogre (D:4)
  2 orc priests
  An orc wizard (D:3)
  Ijyb (D:3)
  Terence (D:3)
  A gnoll (D:1)
  9 adders
  A shadow imp (D:3)
  2 adder skeletons
  2 worms (D:2)
  4 dart slugs
  14 orcs
  7 endoplasms
  3 giant cockroaches
  6 goblins
  5 hobgoblins
  2 jackals (D:4)
  7 quokkas
  3 ball pythons
  5 bats
  3 frilled lizards (D:3)
  10 kobolds
  6 rats
96 creatures vanquished.

Notes
Turn   | Place    | Note
-------+----------+-------------------------------------------
     0 | D:1      | caelumdeity the Draconian Transmuter began the quest for
                  | the Orb.
     0 | D:1      | Reached XP level 1. HP: 16/16 MP: 3/3
   168 | D:1      | Reached XP level 2. HP: 16/23 MP: 3/5
  1453 | D:1      | Reached XP level 3. HP: 21/28 MP: 6/6
  1622 | D:1      | Found a faded altar of an unknown god.
  2648 | D:2      | Reached XP level 4. HP: 33/35 MP: 7/7
  2968 | D:2      | Found an ancient bone altar of Kikubaaqudgha.
  3976 | D:3      | Learned a level 2 spell: Wereblood
  4074 | D:3      | Reached skill level 5 in Transmutations
  4074 | D:3      | Reached XP level 5. HP: 24/40 MP: 8/8
  4381 | D:3      | Noticed Terence
  4395 | D:3      | Killed Terence
  5393 | D:3      | Noticed Ijyb
  5914 | D:4      | Reached XP level 6. HP: 40/47 MP: 9/9
  6013 | D:4      | Found a staircase to the Ecumenical Temple.
  6024 | Temple   | Entered the Ecumenical Temple
  6124 | Temple   | Became a worshipper of the Wu Jian Council
  6388 | D:5      | Entered Level 5 of the Dungeon
  6427 | D:4      | Found a shadowy altar of Dithmenos.
  6427 | D:4      | Found a sacrificial altar of Ru.
  6428 | D:4      | Noticed Grinder
  6464 | D:4      | Paralysed by Grinder for 3 turns
  6498 | D:3      | Killed Ijyb
  6918 | D:4      | Reached skill level 5 in Unarmed Combat
  7195 | D:4      | Paralysed by Grinder for 2 turns
  7198 | D:4      | Paralysed by Grinder for 3 turns
  7211 | D:4      | Paralysed by Grinder for 5 turns
  7213 | D:4      | Killed from afar by Grinder

Illustrated notes

Levels and vault maps discovered:
D:1:      dpeg_arrival_rhombi, layout_loops_ring,
          shapermc_ecumenical_altar_mp_vishouse, minmay_misc_feat_rugged,
          nrook_campfire
D:2:      layout_loops_corners, basic_altar
D:3:      layout_basic, st_stairs_11, corner_web_ring, minmay_fractal_squares_5,
          uniq_ijyb, uniq_terence
D:4:      layout_basic, chequers_temple_overflow_minitemple,
          minmay_temple_entry_antechambers, uniq_grinder
D:5:      layout_basic, elyvilon_altar_5, tso_oasis_becter, uniq_menkaure,
          uniq_eustachio
Temple:   eino_temple_lava

Skill      XL: |  1  2  3  4  5  6 |
---------------+-------------------+-----
Transmutations | 3 4 5 |  5.0
Unarmed Combat | 4 5 |  5.0
Spellcasting   | 3 |  3.6
Fighting       | |  1.1
Dodging        | |  1.7

Action                   |  1- 3 |  4- 6 || total
-------------------------+-------+-------++-------
Melee: Unarmed           |   135 |   313 ||   448
       Tailslap          |    16 |    32 ||    48
       Kick              |     2 |    27 ||    29
       Punch             |     2 |     4 ||     6
       Headbutt          |       |    20 ||    20
Throw: Stone             |    47 |    57 ||   104
       Dart              |       |    39 ||    39
 Cast: Beastly Appendage |     3 |    17 ||    20
       Wereblood         |       |     2 ||     2
Invok: Lunge             |       |     5 ||     5
  Use: Scroll            |       |     3 ||     3
 Stab: Sleeping          |       |     1 ||     1
Armor: Skin              |    44 |    72 ||   116
Dodge: Dodged            |    84 |   140 ||   224
